 Dungeon Crawl Stone Soup version 0.31.0-11-ge490571c62 (webtiles) character file.

Game seed: 2198405553996947718

95 qw the Shooter (level 4, -1/25 HPs)
             Began as a Deep Elf Hunter on Feb 3, 2024.
             Slain by an orc warrior
             ... wielding a +0 scimitar
              (6 damage)
             ... on level 4 of the Dungeon.
             The game lasted 00:00:09 (2424 turns).

qw the Shooter (Deep Elf Hunter)                    Turns: 2424, Time: 00:00:09

Health: -1/25      AC:  7    Str: 10    XL:     4   Next: 40%
Magic:  6/6        EV: 11    Int: 14    God:
Gold:   237        SH:  0    Dex: 18    Spells: 3/3 levels left

rFire   . . .        a - +0 shortbow
rCold   . . .        (shield currently unavailable)
rNeg    . . .        e - +0 ring mail
rPois   +            i - +1 helmet
rElec   .            (no cloak)
rCorr   .            (no gloves)
SInv    .            (no boots)
Will    .....        f - amulet of faith
Stlth   +            j - ring of poison resistance
HPRegen 0.24/turn    (no ring)
MPRegen 0.10/turn

%: faith
@: no status effects
A: no striking features
a: no special abilities


You were on level 4 of the Dungeon.
You visited 1 branch of the dungeon, and saw 4 of its levels.

You collected 237 gold pieces.


   Skills:
 - Level 1.5 Fighting
 + Level 7.8 Ranged Weapons
 - Level 2.4 Dodging
 - Level 1.2 Stealth


You had 3 spell levels left.
You didn't know any spells.
Your spell library was empty.

Inventory:

Hand Weapons
 a - a +0 shortbow (weapon)
Armour
 e - a +0 ring mail (worn)
 i - a +1 helmet (worn)
Jewellery
 b - an amulet of guardian spirit
 f - an amulet of faith (around neck)
 j - a ring of poison resistance (left hand)
Wands
 g - a wand of paralysis (10)
Potions
 l - a potion of resistance

Dungeon Overview and Level Annotations

Branches:
Dungeon (4/15)
 Temple: D:4-7

Altars:
Nemelex Xobeh

Annotations:
D:1 1 transporter


Message History

Something hits you.
You shoot an arrow. The arrow hits the orc!
You kill the orc!
The orc warrior is no longer paralysed.
The orc hits you but does no damage. Something hits you.
2415 ||| ZAPPING wand of paralysis (11) at 1,-2 (orc warrior; floor).
Aiming: Paralyse
Press: ? - help, Q - select action, (/) - cycle Shift-Dir - straight line, f - orc warrior The orc warrior suddenly stops moving!
The orc barely misses you. Something hits you.
You shoot an arrow. The arrow hits the orc.
The orc is lightly wounded.
The orc hits you with a +0 dagger. Something barely misses you.
The orc hits you but does no damage.
You shoot an arrow. The arrow hits the orc.
The orc is heavily wounded.
You hear some strange, mumbled words.
You are confused.
The orc hits you but does no damage. Something hits you but does no damage.
The orc hits you but does no damage.
You hear some strange, mumbled words.
A magic dart appears from out of thin air!
The magic dart hits you but does no damage.
The orc hits you with a +0 dagger. Something hits you.
The orc warrior is no longer paralysed.
The orc closely misses you.
You hear some strange, mumbled words.
A puff of flame appears from out of thin air!
The puff of flame hits you but does no damage.
The orc closely misses you.
The orc warrior hits you with a +0 scimitar!
Something hits you. The orc hits you but does no damage.
The orc warrior hits you with a +0 scimitar.
Something hits you but does no damage. The orc hits you but does no damage.
The orc warrior barely misses you. Something hits you.
You feel less confused. The orc hits you but does no damage.
The orc warrior hits you with a +0 scimitar.
You die...

#####################
#.....'............o.
#.....#..............
##...########..##...
#...##....##oo# .
#....#.....#@{#
#...##.....+.)......
##'###....##..##...#
#...##....##### ..#
#....<.%...... .#
#...##........ >
######....##.. #....#
# ######


You could see an orc warrior and an orc.

Vanquished Creatures
  4 adders
  2 dart slugs (D:3)
  A ribbon worm (D:2)
  2 orcs (D:4)
  4 bats
  5 endoplasms
  3 giant cockroaches
  7 goblins
  2 hobgoblins
  2 quokkas
  5 ball pythons
  A frilled lizard (D:1)
  8 kobolds
  6 rats
52 creatures vanquished.

Notes
Turn   | Place    | Note
-------+----------+-------------------------------------------
     0 | D:1      | qw the Deep Elf Hunter began the quest for the Orb.
     0 | D:1      | Reached XP level 1. HP: 12/12 MP: 3/3
     0 | D:1      | 0 ||| qw: Version: 0.3-a-157-g843a77d
     0 | D:1      | 0 ||| qw: Game counter: 3743
     0 | D:1      | 0 ||| qw: Melee chars always use a shield: true
     0 | D:1      | 0 ||| qw: God list: Okawaru
     0 | D:1      | 0 ||| qw: Allow faded altars: false
     0 | D:1      | 0 ||| qw: Do Orc after clearing Dungeon:15 true
     0 | D:1      | 0 ||| qw: Do second Lair branch before Depths: true
     0 | D:1      | 0 ||| qw: Lair rune preference: random
     0 | D:1      | 0 ||| qw: Goals: Normal
     0 | D:1      | 0 ||| PLANNING D:1-11
   340 | D:1      | Reached XP level 2. HP: 16/16 MP: 4/4
   373 | D:1      | Reached skill level 6 in Ranged Weapons
   740 | D:1      | 740 ||| UPGRADING to +0 helmet.
   745 | D:1      | 745 ||| UPGRADING to amulet of faith.
   750 | D:1      | 750 ||| READING 2 scrolls labelled EPASHOANNIA.
   750 | D:1      | 750 ||| IDENTIFYING bubbling puce potion
   751 | D:1      | 751 ||| READING scroll of identify.
   751 | D:1      | 751 ||| IDENTIFYING golden potion
   752 | D:1      | 752 ||| READING scroll labelled IZEJIKIUBAGG.
   853 | D:1      | 853 ||| READING scroll labelled DAXKUMPO DUHOM.
   854 | D:1      | 854 ||| DROPPING scroll of butterflies.
   855 | D:1      | 855 ||| DROPPING potion of lignification.
   856 | D:1      | 856 ||| DROPPING potion of brilliance.
   948 | D:2      | Found a sparkling altar of Nemelex Xobeh.
  1061 | D:2      | Reached XP level 3. HP: 20/20 MP: 5/5
  1246 | D:2      | Reached skill level 7 in Ranged Weapons
  1417 | D:2      | HP: 4/20 [ribbon worm (6)]
  1618 | D:2      | 1618 ||| READING scroll of identify.
  1618 | D:2      | 1618 ||| IDENTIFYING bubbling orange potion
  1619 | D:2      | 1619 ||| READING scroll labelled DEQEVO UMIN.
  1619 | D:2      | 1619 ||| ENCHANTING +0 helmet.
  1620 | D:2      | 1620 ||| DROPPING potion of ambrosia.
  1867 | D:3      | Found a sparkling altar of Nemelex Xobeh.
  1922 | D:3      | Reached XP level 4. HP: 25/25 MP: 6/6
  2343 | D:3      | 2343 ||| UPGRADING to +0 ring mail.
  2353 | D:3      | 2353 ||| DROPPING +0 leather armour.
  2354 | D:3      | 2354 ||| UPGRADING to ring of poison resistance.
  2355 | D:3      | 2355 ||| READING 2 scrolls of identify.
  2355 | D:3      | 2355 ||| IDENTIFYING emerald potion
  2356 | D:3      | 2356 ||| READING scroll of identify.
  2356 | D:3      | 2356 ||| IDENTIFYING fizzy golden potion
  2357 | D:3      | 2357 ||| READING scroll labelled MOYBLAASUMI.
  2358 | D:3      | 2358 ||| DRINKING 2 fuming emerald potions.
  2359 | D:3      | 2359 ||| DROPPING potion of degeneration.
  2395 | D:4      | Noticed an orc warrior
  2396 | D:4      | 2396 ||| RETREEEEATING.
  2397 | D:4      | 2397 ||| RETREEEEATING.
  2398 | D:4      | 2398 ||| RETREEEEATING.
  2399 | D:4      | 2399 ||| RETREEEEATING.
  2401 | D:4      | 2401 ||| ZAPPING wand of paralysis (12) at 2,-3 (orc
                  | warrior; floor).
  2412 | D:4      | HP: 6/25 [something (3)]
  2413 | D:4      | 2413 ||| DRINKING potion of heal wounds.
  2415 | D:4      | 2415 ||| ZAPPING wand of paralysis (11) at 1,-2 (orc
                  | warrior; floor).
  2422 | D:4      | HP: 6/25 [orc warrior/+0 scimitar (1)]
  2424 | D:4      | Slain by an orc warrior

Levels and vault maps discovered:
D:1:      spicycebolla_arrival_risky_transporter, layout_loops_ring,
          grunt_decor_cap
D:2:      layout_basic, basic_altar
D:3:      layout_basic, mainiacjoe_overflow_surrounded_room, st_stairs_4,
          serial_bayou_crossing
D:4:      layout_gridville

Skill      XL: |  1  2  3 |
---------------+----------+-----
Ranged Weapons | 6 7 |  7.8
Fighting       | |  1.5
Dodging        | |  2.4
Stealth        | |  1.2

Action                     |  1- 3 |  4- 6 || total
---------------------------+-------+-------++-------
   Fire: Shortbow          |   115 |    40 ||   155
  Evoke: Wand              |       |     2 ||     2
    Use: Scroll            |     6 |     3 ||     9
         Potion            |       |     2 ||     2
 Armour: Leather armour    |    23 |     3 ||    26
         Ring mail         |       |    43 ||    43
  Dodge: Dodged            |    27 |    17 ||    44

Table legend:
 A = Non-vault XP
 B = Vault XP
 C = Vault XP percentage of total XP
 D = Non-vault monster count
 E = Vault monster count
 F = Vault count percentage of total count
                 A         B        C        D         E       F
            +---------+---------+-------+---------+---------+-------
      Total |     131 |       6 |   4.4 |      50 |       2 |   3.8
            +---------+---------+-------+---------+---------+-------
        D:1 |      24 |       0 |   0.0 |      15 |       0 |   0.0
        D:2 |      65 |       0 |   0.0 |      18 |       0 |   0.0
        D:3 |      21 |       6 |  22.2 |      13 |       2 |  13.3
        D:4 |      21 |       0 |   0.0 |       4 |       0 |   0.0
            +---------+---------+-------+---------+---------+-------
